 Dungeon Crawl Stone Soup version 0.17-a0-1738-g82cdc46 (webtiles) character file.

2125 TuckyLangle the Nimble (level 9, -8/65 HPs)
             Began as a Vampire Assassin on Aug 30, 2015.
             Was a Follower of Trog.
             Killed by divine providence
             ... invoked by an orc priest
              (10 damage)
             ... on level 7 of the Dungeon.
             The game lasted 00:28:03 (8224 turns).

TuckyLangle the Nimble (Vampire Assassin)           Turns: 8224, Time: 00:28:05

Health: -8/65      AC:  7    Str: 10    XL:     9   Next: 8%
Magic:  0/9        EV: 19    Int: 13    God:    Trog [*.....]
Gold:   344        SH:  0    Dex: 19    Spells: 0 memorised, 8 levels left

rFire  . . .     SeeInvis +     b - +0 blowgun
rCold  + . .     Clarity  .     c - +2 robe
rNeg   + + .     SustAt   .     (no shield)
rPois  +         Gourm    .     H - +0 helmet
rElec  .         Spirit   +     d - +0 cloak
rCorr  .         Warding  .     (no gloves)
rMut   .         Stasis   .     F - +0 pair of boots
MR     .....                    p - amulet of guardian spirit
Stlth  ++++......               (no ring)
                                (no ring)

@: regenerating slowly, not resistant to hostile enchantments, stealthy
A: fangs 3, see invisible, unbreathing
a: Bat Form, Burn Spellbooks, Berserk, Renounce Religion


You were on level 7 of the Dungeon.
You worshipped Trog.
Trog was aware of your devotion.
You were thirsty.

You visited 1 branch of the dungeon, and saw 7 of its levels.

You collected 344 gold pieces.

Inventory:

Hand weapons
 b - a +0 blowgun (weapon)
 q - a +1 dagger of pain
 t - a cursed -2 falchion
 u - a +4 dagger of venom
Missiles
 e - 10 poisoned needles (quivered)
 f - 2 curare-tipped needles
 g - 4 tomahawks of returning
Armour
 c - a +2 robe (worn)
 d - a +0 cloak (worn)
 D - a +2 plate armour of cold resistance
 F - a +0 pair of boots (worn)
 H - a +0 helmet (worn)
Jewellery
 p - an amulet of guardian spirit (around neck)
Magical devices
 k - a wand of digging (13)
 B - a wand of polymorph (11)
Scrolls
 a - 2 scrolls of identify
 l - 4 scrolls of remove curse
Potions
 i - 2 potions of berserk rage
 j - 2 potions of lignification {unknown}
 m - a potion of might {unknown}
 n - a potion of invisibility
 r - a potion of magic
 v - 3 potions of poison {unknown}
 w - a potion of curing {unknown}
 x - 3 potions of resistance {unknown}
 C - 2 potions of agility {unknown}
 E - 2 potions of brilliance {unknown}
Books
 A - a book of Power

   Spells                             Type                      Level
   a - Fulminant Prism                Conjuration/Hexes            4
   b - Iskenderun's Mystic Blast      Conjuration                  4
   c - Venom Bolt                     Conjuration/Poison           5
   d - Bolt of Magma                  Conjuration/Fire/Earth       5
   e - Iron Shot                      Conjuration/Earth            6
   f - Orb of Destruction             Conjuration                  7
   g - Spellforged Servitor           Conjuration/Summoning        7
   Trog disapproves of the use of such an item.


   Skills:
 + Level 3.7 Fighting
 - Level 8.5 Short Blades
 - Level 1.5 Throwing
 - Level 9.1 Dodging
 - Level 7.0 Stealth


You had 8 spell levels left.
You didn't know any spells.

Dungeon Overview and Level Annotations

Branches:
Dungeon (7/15)             Temple (0/1) D:5

Altars:
Dithmenos
Kikubaaqudgha
Ru
Trog
Zin
The Shining One

Shops:
D:5 !


Innate Abilities, Weirdness & Mutations

You heal slowly.
You have razor-sharp teeth.
You have supernaturally acute eyesight.
You can survive without breathing.


Message History

* * * LOW HITPOINT WARNING * * *
The giant frog completely misses you. The giant frog misses you.
The giant frog misses you.
The giant frog hits you but does no damage.
Firing (i - inventory. (,) - cycle):
e - 11 poisoned needles (quivered)
Press: ? - help, Shift-Dir - straight line, f/p - giant frog
Aim: a giant frog (lightly wounded)
Okay, then.
Firing (i - inventory. (,) - cycle):
e - 11 poisoned needles (quivered)
Press: ? - help, Shift-Dir - straight line, f - orc wizard, p - giant frog
Aim: an orc wizard, wielding a dagger and wearing a robe (slightly transparent)
You shoot a poisoned needle.
The poisoned needle hits the giant frog!
The giant frog is poisoned.
The giant frog is lightly wounded.
The giant frog misses you.
The orc priest calls down the wrath of Beogh upon you.
Something smites you!
You die...

...........#..#.###.# #.#..#...#.
........)..##.##.##.####...#...##
........)..##...#.#.#.#....#.....
..#####.)..###..##.###....##.....
.## ##[..###....#.#.#...##..(..
.# ##..##..#..####...###.#... ##
#..#...#...##....###..... #
#..#.#.#.#.##..#.#.#..... #
#..#.#.#@#####..#.##..... #
##..#.#.F.# #..#..#.#.#### #
#..#.##o..####..#.###.# #
#....#..#..#.#.....##.# #
##..#....###.....8.8....# #
#...##.#o.#..#.#.....#### ##
##..# #.##...####..#.###
.####...# ##.#...# #..#..#.# ##
..##..).# #o#o#.#####..#.######.


You could see a giant frog, an orc priest and an orc wizard (invisible).

Vanquished Creatures
  2 sky beasts
  2 centaurs (D:7)
  An eye of draining (D:3)
  An ogre (D:4)
  3 phantoms
  3 ice beasts
  3 scorpions
  3 crimson imps
  3 hounds
  5 orc wizards
  4 jellies
  2 giant frog skeletons
  An orc priest (D:3)
  Terence (D:3)
  A centaur skeleton (D:7)
  An iguana (D:6)
  4 worker ants
  A killer bee zombie (D:5)
  6 gnolls
  A shadow imp (D:5)
  3 adders
  An ooze (D:2)
  An adder skeleton (D:5)
  An adder zombie (D:5)
  3 worms
  16 orcs
  4 ball pythons
  2 giant cockroaches
  7 hobgoblins
  7 jackals
  8 kobolds
  4 quokkas
  5 bats
  2 giant geckos (D:7)
  5 giant newts
  7 goblins
  3 rats
127 creatures vanquished.

Notes
Turn   | Place    | Note
--------------------------------------------------------------
     0 | D:1      | TuckyLangle the Vampire Assassin began the quest for the Orb.
     0 | D:1      | Reached XP level 1. HP: 16/16 MP: 1/1
   105 | D:1      | Reached skill level 6 in Stealth
   317 | D:1      | Reached XP level 2. HP: 22/22 MP: 2/2
   900 | D:2      | Reached skill level 7 in Stealth
  1234 | D:2      | Reached XP level 3. HP: 20/27 MP: 3/3
  2117 | D:3      | Reached XP level 4. HP: 28/33 MP: 4/4
  2207 | D:3      | Found a glowing silver altar of Zin.
  2333 | D:3      | Noticed Terence
  2347 | D:3      | Killed Terence
  2415 | D:3      | Reached XP level 5. HP: 36/38 MP: 5/5
  2603 | D:2      | Reached skill level 5 in Dodging
  2832 | D:3      | Reached XP level 6. HP: 6/44 MP: 2/6
  3084 | D:3      | Noticed an eye of draining
  3096 | D:3      | Killed an eye of draining
  3102 | D:3      | Found a bloodstained altar of Trog.
  3127 | D:3      | Became a worshipper of Trog the Wrathful
  3946 | D:4      | Reached XP level 7. HP: 49/49 MP: 7/7
  4084 | D:5      | Entered Level 5 of the Dungeon
  5173 | D:5      | Reached skill level 5 in Short Blades
  5219 | D:5      | Found Hamausow's Distillery.
  5279 | D:5      | Found a staircase to the Ecumenical Temple.
  5690 | D:5      | Reached XP level 8. HP: 42/55 MP: 4/8
  5729 | D:5      | Reached skill level 8 in Short Blades
  6065 | D:5      | Found a glowing golden altar of the Shining One.
  6486 | D:6      | Found a sacrificial altar of Ru.
  6881 | D:6      | Acquired Trog's first power
  7313 | D:7      | Reached skill level 9 in Dodging
  7782 | D:7      | Reached XP level 9. HP: 54/63 MP: 9/9
  7861 | D:7      | Found an ancient bone altar of Kikubaaqudgha.
  7900 | D:7      | Found a shadowy altar of Dithmenos.
  8194 | D:7      | HP: 2/65 [orc priest/divine providence (12)]
  8215 | D:7      | HP: 2/65 [giant frog (3)]
  8224 | D:7      | Killed from afar by an orc priest

Vault maps used:
D:1:      lemuel_arrival_tunnels, kennysheep_minor_cross,
          kennysheep_decorative_pillar
D:2:      first_bread
D:3:      zin_statuary, serial_bayou_ford_a, trog_eyes_of_draining, uniq_terence
D:5:      lemuel_coloured_pillars_altar, minmay_temple_entry_purple_smoke,
          serial_shops, nicolae_shop_crystal, minivault_11
D:6:      nicolae_ru_sacrificial_ziggurat
D:7:      wad_crossroads, grunt_dithmenos_shadows, basic_altar

Action                   |  1- 3 |  4- 6 |  7- 9 || total
-------------------------+-------+-------+-------++-------
Melee: Dagger            |   109 |    86 |   375 ||   570
 Fire: Blowgun           |       |    11 |    17 ||    28
Throw: Tomahawk          |       |       |     1 ||     1
  Use: Scroll            |     8 |     4 |     5 ||    17
       Potion            |       |       |     2 ||     2
 Stab: Sleeping          |    10 |     6 |     8 ||    24
       Distracted        |     1 |     1 |     1 ||     3
  Eat: Corpse            |     5 |     3 |     8 ||    16
